 Dungeon Crawl Stone Soup version 0.20.1-1-g8b1a95d (webtiles) character file.

348 raph the Grave Robber (level 6, 0/49 HPs)
             Began as a Deep Dwarf Necromancer on Oct 1, 2017.
             Slain by kalagan's ghost (6 damage)
             ... on level 4 of the Dungeon.
             The game lasted 00:07:34 (3100 turns).

raph the Grave Robber (Deep Dwarf Necromancer)      Turns: 3100, Time: 00:07:35

Health: 0/49       AC:  3    Str: 11    XL:     6   Next: 33%
Magic:  9/10       EV: 13    Int: 18    God:
Gold:   168        SH:  0    Dex: 13    Spells: 6/11 levels left

rFire    . . .     SeeInvis .   h - +0 hand axe
rCold    . . .     Gourm    .   (no shield)
rNeg     . . .     Faith    .   r - +0 leather armour
rPois    .         Spirit   .   (no helmet)
rElec    .         Reflect  .   (no cloak)
rCorr    .         Harm     .   (no gloves)
MR       .....                  (no boots)
Stlth    +++.......             (no amulet)
Regen    0.0/turn               (no ring)
MPRegen  0.2/turn               (no ring)

@: non-regenerating
A: damage resistance, heal wounds, sense surroundings 1, no regeneration
a: Heal Wounds


You were on level 4 of the Dungeon.
You were hungry.

You visited 1 branch of the dungeon, and saw 4 of its levels.

You collected 168 gold pieces.

Inventory:

Hand Weapons
 h - a +0 hand axe (weapon)
Armour
 r - a +0 leather armour (worn)
Jewellery
 d - an uncursed ring of resist corrosion
Scrolls
 a - a scroll of identify
 e - a scroll of teleportation
 n - a scroll of blinking
 p - 2 scrolls of remove curse
 t - a scroll of fear
Potions
 f - a potion of ambrosia
 i - a potion of haste
 j - 3 potions of curing
 l - 3 potions of flight
 o - a potion of lignification
 q - a potion of brilliance
 w - a potion of agility
Books
 b - a book of Necromancy

   Spells                             Type                      Level
   a - Pain                           Necromancy                   1
   b - Animate Skeleton               Necromancy                   1
   c - Vampiric Draining              Necromancy                   3
   d - Regeneration                   Charms/Necromancy            3
   e - Animate Dead                   Necromancy                   4
   f - Control Undead                 Necromancy                   4
 s - Jessica's Compendium of Dislocation
   (You found it on level 2 of the Dungeon)

   Spells                             Type                      Level
   a - Apportation                    Translocation                1
 x - a book of Changes

   Spells                             Type                      Level
   a - Beastly Appendage              Transmutation                1
   b - Sticks to Snakes               Transmutation                2
   c - Spider Form                    Transmutation/Poison         3
   d - Ice Form                       Ice/Transmutation            4
   e - Blade Hands                    Transmutation                5
Comestibles
 c - 3 bread rations
 g - 3 chunks of flesh
 k - a royal jelly
 m - 3 fruits


   Skills:
 + Level 3.3 Dodging
 + Level 4.7 Stealth
 + Level 3.1 Spellcasting
 * Level 6.3 Necromancy


You had 6 spell levels left.
You knew the following spells:

 Your Spells              Type           Power        Failure   Level  Hunger
a - Pain                  Necr           ####         1%          1    None
b - Animate Skeleton      Necr           N/A          1%          1    None
c - Vampiric Draining     Necr           ####......   4%          3    ###....


Dungeon Overview and Level Annotations

Branches:
Dungeon (4/15)
 Temple: D:4-7

Altars:
Ashenzari
Okawaru
Ru

Annotations:
D:4 kalagan's ghost, amateur GrFi


Innate Abilities, Weirdness & Mutations

You are resistant to damage.
You can heal yourself by infusing magical energy.
You passively map a small area around you.
You do not regenerate.


Message History

Casting: Vampiric Draining
Confirm with . or Enter, or press ? or * to list all spells.
Aiming: Vampiric Draining
Press: ? - help, Shift-Dir - straight line, f/p - howler monkey
Aim: a howler monkey (severely wounded, catching its breath)
You kill the howler monkey!
You feel life coursing into your body.
You start resting.
Your magical contamination has completely faded away.
You start resting.
You are feeling hungry.
You see here a giant club.
Kalagan's ghost turns its malevolent gaze towards you.
Kalagan's ghost hits you!
Kalagan's ghost mumbles, "We raided the strongholds of evil.
Now I walk alone."
Kalagan's ghost hits you!
* * * LOW HITPOINT WARNING * * *
There is a stone staircase leading up here.
Kalagan's ghost hits you!
You die...

#.####.#### +
#.......... *
###....#..
#....# , * *
#....##### * ,
#........# *
..#........# ,
,,
...'....W...#,
*
...#....@...#
,
*####........#
,, ,
...........# *
,
...####......
, ...
#........ ..
,#........ ,
,, +........
*, ,,,
#........, , ,
, *


You could see kalagan's ghost.

Vanquished Creatures
  An ogre (D:4)
  A bullfrog (D:3)
  A howler monkey (D:4)
  Jessica (D:2)
  Terence (D:2)
  4 adders
  3 dart slugs
  An orc (D:3)
  A giant cockroach (D:3)
  10 goblins
  6 hobgoblins
  3 jackals
  5 kobolds
  5 quokkas
  4 ball pythons
  4 bats
  5 frilled lizards
  2 rats (D:1)
58 creatures vanquished.

Vanquished Creatures (collateral kills)
  An ooze (D:1)
  A dart slug (D:2)
  2 orcs (D:3)
  A jackal (D:1)
  A goblin (D:1)
6 creatures vanquished.

Grand Total: 64 creatures vanquished

Notes
Turn   | Place    | Note
-------+----------+-------------------------------------------
     0 | D:1      | raph the Deep Dwarf Necromancer began the quest for the Orb.
     0 | D:1      | Reached XP level 1. HP: 15/15 MP: 3/3
    24 | D:1      | Learned a level 1 spell: Animate Skeleton
   252 | D:1      | Reached XP level 2. HP: 22/22 MP: 0/4
   861 | D:2      | Reached XP level 3. HP: 26/28 MP: 1/6
   998 | D:2      | Noticed Terence
  1005 | D:2      | Killed Terence
  1005 | D:2      | Reached skill level 5 in Necromancy
  1066 | D:2      | Reached XP level 4. HP: 34/36 MP: 3/7
  1112 | D:2      | Learned a level 3 spell: Vampiric Draining
  1438 | D:2      | Noticed Jessica
  1443 | D:2      | Killed Jessica
  1450 | D:2      | Identified Jessica's Compendium of Dislocation
  1793 | D:3      | Found an iron altar of Okawaru.
  2060 | D:3      | Reached XP level 5. HP: 37/42 MP: 2/8
  2789 | D:4      | Found a sacrificial altar of Ru.
  2917 | D:4      | Found a shattered altar of Ashenzari.
  2925 | D:4      | Noticed an ogre
  2935 | D:4      | Noticed kalagan's ghost (amateur GrFi)
  2940 | D:4      | Killed an ogre
  2940 | D:4      | Reached skill level 6 in Necromancy
  2940 | D:4      | Reached XP level 6. HP: 18/49 MP: 0/10
  3100 | D:4      | Slain by kalagan's ghost

Skill      XL: |  1  2  3  4  5 |
---------------+----------------+-----
Spellcasting   | 2 3 |  3.1
Stealth        | 3 4 |  4.7
Necromancy     | 5 6 |  6.3
Dodging        | 3 |  3.3

Action                   |  1- 3 |  4- 6 || total
-------------------------+-------+-------++-------
Melee: Hand axe          |     9 |    12 ||    21
 Cast: Pain              |    50 |    59 ||   109
       Animate Skeleton  |     9 |    17 ||    26
       Vampiric Draining |       |    12 ||    12
  Use: Scroll            |       |    12 ||    12
 Stab: Paralysed         |       |     2 ||     2
       Sleeping          |       |     1 ||     1
  Eat: Chunk             |     1 |     8 ||     9
Armor: Robe              |     8 |       ||     8
       Leather armour    |       |     4 ||     4
Dodge: Dodged            |    23 |    20 ||    43
